 Dungeon Crawl Stone Soup version 0.24-a0-29-g43a6aff (webtiles) character file.

Game seed: 932369799685878045

416704 Mgcat the Slayer (level 23, -21/263 HPs)
             Began as an Ogre Fighter on Feb 2, 2019.
             Was the Champion of Okawaru.
             Demolished by a two-headed ogre
             ... wielding a cursed -1 giant club
              (29 damage)
             ... while paralysed by a floating eye
             ... on level 3 of the Depths.
             The game lasted 02:32:04 (56708 turns).

Mgcat the Slayer (Ogre Fighter)                    Turns: 56708, Time: 02:32:05

Health: -21/263    AC: 17    Str: 29    XL:     23   Next: 62%
Magic:  37/41      EV:  1    Int:  8    God:    Okawaru [******]
Gold:   4743       SH:  0    Dex: 13    Spells: 45/51 levels left

rFire    + . .     SeeInvis .   R - +8 broad axe (elec)
rCold    + + +     Gourm    .   l - +7 large shield "Uhech" {rC+ Dex+2}
rNeg     + + +     Faith    .   A - +2 storm dragon scales
rPois    .         Spirit   .   e - +2 hat {MR+}
rElec    +         Reflect  .   n - +1 cloak {MR+}
rCorr    .         Harm     .   (gloves unavailable)
MR       ++++.     Clarity  +   (boots unavailable)
Stlth    ..........             Z - amulet of Kemm {Regen+ Slay+3 Stlth+}
HPRegen  0.93/turn              P - ring of Attitude {*Corrode rC+++ rN+++ AC+3 Int-2}
MPRegen  0.27/turn              r - ring of protection from fire {rF+, !d}

@: paralysed, lethally poisoned (-21 -> -29), portal projectile, corroded,
studying Shields
A: large, unfitting armour, iridescent scales 1, clarity, cold resistance 1,
tough skin 1
}: 2/15 runes: decaying, gossamer
a: Heroism, Finesse, Renounce Religion, Cancel Portal Projectile


You were on level 3 of the Depths.
You worshipped Okawaru.
Okawaru was exalted by your worship.
You were not hungry.

You visited 9 branches of the dungeon, and saw 42 of its levels.
You also visited: Sewer and Ice Cave.

You collected 5537 gold pieces.
You spent 794 gold pieces at shops.

Inventory:

Hand Weapons
 M - the +8 whip "Snakebite" {curare, rPois}
   (You found it on level 4 of the Lair of Beasts)

   It poisons the flesh of those it strikes.
   It protects you from poison.
 R - a +8 broad axe of electrocution (weapon)
   (Okawaru gifted it to you on level 6 of the Lair of Beasts)
Missiles
 p - 3 throwing nets {=f, !d}
 y - 5 javelins of penetration
 C - 4 steel javelins
 L - 96 large rocks (quivered) {!d}
Armour
 e - a +2 hat of magic resistance (worn)
   (Okawaru gifted it to you on level 2 of the Spider Nest)
 l - the +7 large shield "Uhech" (worn) {rC+ Dex+2}
   (You acquired it on level 1 of the Depths)

   It affects your dexterity (+2).
   It protects you from cold.
 n - a +1 cloak of magic resistance (worn)
   (You found it on level 4 of the Vaults)
 A - +2 storm dragon scales (worn)
   (Okawaru gifted it to you on level 11 of the Dungeon)
Jewellery
 a - an uncursed ring of see invisible {sInv, !d}
   (You found it on level 6 of the Lair of Beasts)
 r - a ring of protection from fire (right hand) {rF+, !d}
   (You found it on level 7 of the Dungeon)
 P - the ring of Attitude (left hand) {*Corrode rC+++ rN+++ AC+3 Int-2}
   (You found it on level 1 of the Spider Nest)

   [ring of protection]

   It affects your AC (+3).
   It affects your intelligence (-2).
   It renders you almost immune to cold.
   It renders you almost immune to negative energy.
   It may corrode you when you take damage.
 Z - the amulet of Kemm (around neck) {Regen+ Slay+3 Stlth+}
   (You found it on level 3 of the Elven Halls)

   [amulet of regeneration]

   It affects your accuracy and damage with ranged weapons and melee attacks
   (+3).
   It increases your rate of regeneration.
   It makes you more stealthy.
Wands
 g - a wand of clouds (4)
   (You found it on level 2 of the Vaults)
 h - a wand of iceblast (19)
   (You found it on level 4 of the Lair of Beasts)
 J - a wand of scattershot (12)
   (You found it on level 3 of the Spider Nest)
 K - a wand of digging (25)
   (You found it in an ice cave)
 U - a wand of acid (8)
   (You found it on level 2 of the Elven Halls)
Scrolls
 c - a scroll of summoning
 i - 23 scrolls of remove curse
 m - 10 scrolls of teleportation
 q - 3 scrolls of blinking {!r}
 x - 4 scrolls of magic mapping {!r}
 z - 9 scrolls of identify
 B - 3 scrolls of holy word {!r}
 H - 3 scrolls of fog
Potions
 b - 3 potions of cancellation
 d - 12 potions of curing
 j - 5 potions of haste
 o - 2 potions of agility
 s - 2 potions of berserk rage {!q}
 t - 8 potions of flight
 u - 9 potions of heal wounds
 F - 5 potions of mutation {!q}
 N - 3 potions of ambrosia
 Q - 2 potions of might
 S - 3 potions of resistance
 V - 2 potions of invisibility
Books
 W - a manual of Shields {!d}
   (You found it on level 3 of the Elven Halls)
Miscellaneous
 k - a lamp of fire
   (You found it on level 2 of the Depths)
 w - a phial of floods
   (You found it on level 3 of the Elven Halls)
 T - a phantom mirror
 Y - a fan of gales
   (You found it on level 3 of the Elven Halls)
Comestibles
 f - 60 rations


   Skills:
 - Level 22.0 Fighting
 + Level 21.0 Axes
 + Level 17.7 Throwing
 - Level 8.0 Armour
 - Level 5.0 Dodging
 + Level 14.1 Shields
 + Level 14.6 Spellcasting
 - Level 8.0 Hexes
 - Level 5.0 Necromancy
 - Level 8.0 Translocations
 - Level 10.0 Invocations


You had 45 spell levels left.
You knew the following spells:

 Your Spells              Type           Power        Failure   Level  Hunger
a - Animate Skeleton      Necr           N/A          7%          1    None
b - Portal Projectile     Hex/Tloc       ###...       6%          3    ##.....
c - Blink                 Tloc           N/A          3%          2    None

Your spell library contained the following spells:

 Spells                   Type           Power        Failure   Level  Hunger
 Confusing Touch          Hex            ###...       1%          1    None
 Corona                   Hex            ###....      1%          1    None
 Slow                     Hex            ###.....     3%          2    None
 Confuse                  Hex            ###.....     6%          3    ##.....
 Gell's Gravitas          Tloc           ###.......   6%          3    ##.....
 Tukima's Dance           Hex            ###.....     6%          3    ##.....
 Pain                     Necr           ##..         7%          1    None
 Sublimation of Blood     Necr           ##........   10%         2    None
 Ensorcelled Hibernation  Hex/Ice        ##....       16%         2    None
 Vampiric Draining        Necr           ##........   21%         3    ##.....
 Cause Fear               Hex            ###.......   21%         4    ####...
 Dazzling Spray           Conj/Hex       ##....       30%         3    ##.....
 Inner Flame              Hex/Fire       ##......     30%         3    ##.....
 Recall                   Summ/Tloc      N/A          30%         3    ##.....
 Summon Guardian Golem    Hex/Summ       ##......     30%         3    ##.....
 Flame Tongue             Conj/Fire      #....        47%         1    None
 Freeze                   Ice            #...         47%         1    None
 Magic Dart               Conj           #...         47%         1    None
 Sandblast                Erth           #.....       47%         1    None
 Shock                    Conj/Air       #...         47%         1    None
 Summon Small Mammal      Summ           #...         47%         1    None
 Regeneration             Chrm/Necr      #.........   50%         3    ##.....
 Animate Dead             Necr           N/A          54%         4    ####...
 Call Imp                 Summ           #.......     63%         2    None
 Passwall                 Tmut/Erth      #.......     63%         2    None
 Poisonous Vapours        Pois/Air       #.....       63%         2    None
 Searing Ray              Conj           #.....       63%         2    None
 Swiftness                Chrm/Air       #.......     63%         2    None
 Throw Flame              Conj/Fire      #.....       63%         2    None
 Throw Frost              Conj/Ice       #.....       63%         2    None
 Force Lance              Conj/Tloc      ##......     71%         4    ####...
 Fulminant Prism          Conj/Hex       ##........   71%         4    ####...
 Leda's Liquefaction      Hex/Erth       ##........   71%         4    ####...
 Call Canine Familiar     Summ           #.......     85%         3    ##.....
 Conjure Flame            Conj/Fire      #.......     85%         3    ##.....
 Ignite Poison            Fire/Tmut/Pois #.......     85%         3    ##.....
 Mephitic Cloud           Conj/Pois/Air  #.......     85%         3    ##.....
 Ozocubu's Armour         Chrm/Ice       #.......     85%         3    ##.....
 Static Discharge         Conj/Air       #.......     85%         3    ##.....
 Stone Arrow              Conj/Erth      #.....       85%         3    ##.....
 Dispel Undead            Necr           ##......     88%         5    #####..
 Metabolic Englaciation   Hex/Ice        ##........   96%         5    #####..
 Silence                  Hex/Air        ##........   96%         5    #####..
 Yara's Violent Unravell  Hex/Tmut       ##........   96%         5    #####..
 Darkness                 Hex            ###.......   97%         6    #######
 Airstrike                Air            #.........   99%         4    ####...
 Ice Form                 Ice/Tmut       #.......     99%         4    ####...
 Iskenderun's Mystic Bla  Conj           #.......     99%         4    ####...
 Petrify                  Tmut/Erth      #.......     99%         4    ####...
 Sticky Flame             Conj/Fire      #.......     99%         4    ####...
 Summon Ice Beast         Ice/Summ       #.......     99%         4    ####...
 Summon Lightning Spire   Summ/Air       #.......     99%         4    ####...
 Throw Icicle             Conj/Ice       #.......     99%         4    ####...
 Borgnjor's Vile Clutch   Necr/Erth      #.........   99%         5    #####..
 Alistair's Intoxication  Tmut/Pois      #.......     100%        5    #####..
 Bolt of Magma            Conj/Fire/Erth #.........   100%        5    #####..
 Fireball                 Conj/Fire      #.........   100%        5    #####..
 Irradiate                Conj/Tmut      #.........   100%        5    #####..
 Iskenderun's Battlesphe  Conj/Chrm      #.......     100%        5    #####..
 Lee's Rapid Deconstruct  Erth           #.........   100%        5    #####..
 Lightning Bolt           Conj/Air       #.........   100%        5    #####..
 Venom Bolt               Conj/Pois      #.........   100%        5    #####..
 Bolt of Cold             Conj/Ice       #.........   100%        6    #######
 Bolt of Fire             Conj/Fire      #.........   100%        6    #######
 Freezing Cloud           Conj/Ice/Air   #.........   100%        6    #######
 Hydra Form               Tmut           #.........   100%        6    #######
 Iron Shot                Conj/Erth      #.........   100%        6    #######
 Ozocubu's Refrigeration  Ice            #.........   100%        6    #######
 Shadow Creatures         Summ           N/A          100%        6    #######
 Simulacrum               Ice/Necr       #.........   100%        6    #######
 Statue Form              Tmut/Erth      #........    100%        6    #######
 Dragon Form              Tmut           #.........   100%        7    #######
 Orb of Destruction       Conj           #.........   100%        7    #######
 Ring of Flames           Chrm/Fire      #.........   100%        7    #######
 Spellforged Servitor     Conj/Summ      #.........   100%        7    #######
 Ignition                 Fire           #.........   100%        8    #######
 Shatter                  Erth           #.........   100%        9    #######


Dungeon Overview and Level Annotations

Branches:
Dungeon (15/15)            Temple (1/1) D:7            Lair (6/6) D:11
  Swamp (4/4) Lair:2       Spider (4/4) Lair:2        Slime (0/5) Lair:5
    Orc (2/2) D:9             Elf (3/3) Orc:2        Vaults (4/5) D:14
  Crypt (0/3) Vaults:2     Depths (3/5) D:15

Altars:
Ashenzari
Cheibriados
Elyvilon
Fedhas
Gozag
Hepliaklqana
Kikubaaqudgha
Makhleb
Nemelex Xobeh
Okawaru
Qazlal
Ru
Trog
Uskayaw
Vehumet
Wu Jian
Zin
The Shining One
Beogh

Shops:
D:5 [!(%   D:11 (%*   Orc:2 :[(*   Elf:1 ?   Elf:3 (%=}[(=   Vaults:1 (
Vaults:2 }   Depths:1 %

Portals:
Hell: Depths:1 Depths:2
Ziggurat: Depths:1
Trove: D:12 (give +4 ice dragon scales)

Annotations:
D:9 3 exclusions
D:15 3 runed translucent doors, Etirghy's ghost, journeyman TrBe
Lair:1 3 runed translucent doors, Zejuus's ghost, journeyman NaGl
Lair:6 2 runed translucent doors, Nr616's ghost, journeyman HOFi
Swamp:3 3 runed translucent doors, Xiecuja's ghost, adept VSAs
Vaults:4 3 runed translucent doors, Geloitur's ghost, veteran SpEE
Depths:1 2 transporters, 3 exclusions, Anaesas's ghost, adept MfFi


Innate Abilities, Weirdness & Mutations

You are too large for most types of armour.
You have tough skin. (AC +1)
You are partially covered in iridescent scales. (AC +2)
You possess an exceptional clarity of mind.
Your flesh is cold resistant. (rC+)


Message History

You can move again.
You take 73 damage, and have 138/263 hp.
MASSIVE DAMAGE!!
Danger x4: yaktaur captain, boggart, great orb of eyes, wizard!
Unknown command.
Unknown command.
Unknown command.
Unknown command.
Unknown command.
You are too injured to fight recklessly!
Danger x4: yaktaur captain, boggart, great orb of eyes, wizard!
Unknown command.
Unknown command.
Unknown command.
Unknown command.
Unknown command.
Unknown command.
Danger x4: yaktaur captain, boggart, great orb of eyes, wizard!
Casting: Portal Projectile (safe; 6% risk of failure)
Confirm with . or Enter, or press ? or * to list all spells.
You begin teleporting projectiles to their destination.
You feel very sick. You block the yaktaur captain's attack.
The wizard barely misses you. You block the two-headed ogre's attack.
The two-headed ogre hits you but does no damage. x2
The two-headed ogre hits you with a +0 great mace.
You block the two-headed ogre's attack.
The two-headed ogre hits you but does no damage.
You feel very sick. You block the wizard's attack.
The yaktaur captain closely misses you. You block the wizard's attack.
The two-headed ogre completely misses you.
You block the two-headed ogre's attack. x2
The two-headed ogre barely misses you. The two-headed ogre closely misses you.
The two-headed ogre completely misses you.
You take 7 damage, and have 131/263 hp.
You now have 38/41 mp.
Danger x4: boggart, yaktaur captain, great orb of eyes, wizard!
Unknown command.
Unknown command.
Throwing (i - inventory. (/) - cycle)
L - 98 large rocks (quivered)
{!d}
Press: ? - help, Shift-Dir - straight line, f - boggart
Aim: a boggart You magically throw a large rock {!d}.
The large rock {!d} hits the boggart!
The boggart is almost dead.
You feel very sick.
The boggart mumbles some strange words.
The boggart flickers and vanishes!
Deactivating autopickup; reactivate with Ctrl-A.
You block the two-headed ogre's attack.
The two-headed ogre hits you but does no damage.
You block the yaktaur captain's attack.
The wizard hits you with a +3 dagger of venom.
Your corrosive artefact corrodes you!
You are more poisoned.
The floating eye seems to glare at you.
The yaktaur captain hits you but does no damage.
You take 3 damage, and have 128/263 hp.
You now have 37/41 mp.
Danger x4: boggart, yaktaur captain, great orb of eyes, wizard!
Throwing (i - inventory. (/) - cycle)
L - 97 large rocks (quivered)
{!d}
Press: ? - help, Shift-Dir - straight line You magically throw a large rock {!d}.
You feel very sick.
The wizard shouts, "Entram moth deg ulag!"
You block the wizard's attack. You block the two-headed ogre's attack.
The two-headed ogre hits you with a +0 giant spiked club.
The two-headed ogre hits you with a cursed -1 giant club!
You block the two-headed ogre's attack.
The two-headed ogre hits you with a +0 giant spiked club.
You block the two-headed ogre's attack.
The floating eye gazes piercingly through you!
You suddenly lose the ability to move!
The wizard hits you but does no damage. The yaktaur captain hits you!
You feel very sick. The wizard barely misses you.
The two-headed ogre hits you but does no damage.
The two-headed ogre hits you with a +0 giant spiked club!
* * * LOW HITPOINT WARNING * * *
The floating eye's stare focuses on you.
The boggart gestures wildly while chanting.
The two-headed ogre hits you but does no damage. x2
The two-headed ogre hits you with a +0 giant club!
* * * LOW HITPOINT WARNING * * *
The two-headed ogre hits you with a +0 giant spiked club.
* * * LOW HITPOINT WARNING * * *
The two-headed ogre hits you but does no damage.
The two-headed ogre hits you with a +0 giant spiked club.
* * * LOW HITPOINT WARNING * * *
Your corrosive artefact corrodes you!
The yaktaur captain hits you but does no damage.
You feel sick. The wizard hits you but does no damage.
The two-headed ogre hits you with a +0 giant club!
* * * LOW HITPOINT WARNING * * *
The two-headed ogre hits you but does no damage.
The boggart mumbles some strange words.
The two-headed ogre hits you with a +0 giant spiked club!!
* * * LOW HITPOINT WARNING * * *
The two-headed ogre hits you with a +0 giant spiked club!
* * * LOW HITPOINT WARNING * * *
The two-headed ogre hits you with a cursed -1 giant club!!
You die...

#########......
..........#........
...................
...................
.................#
#......<..# ......
#.##......##G..#
.##.....##OcO.##..
.........#O@OG...#
#.........OCO....#
..#####...p{.....#
. #.g##(.......
#..^.(..../..
.....C........
...............
...............
.....^ ....


You could see a juggernaut, a fire giant, a yaktaur captain, a great orb of
eyes, 6 two-headed ogres, a wizard, a boggart and a floating eye.

Vanquished Creatures
  Boris (twice) (Vaults:4 Depths:2)
  Nikola (Spider:2)
  the Enchantress (Depths:2)
  Asterion (Vaults:2)
  7 deep elf blademasters
  2 deep elf master archers (Elf:3)
  An ancient champion (Vaults:2)
  6 thorn hunters
  5 tengu reavers
  6 deep elf sorcerers (Elf:3)
  5 frost giants
  2 fire giants
  3 ghost moths (Spider:4)
  3 vault wardens
  A deep elf elementalist (Elf:3)
  9 emperor scorpions
  An orc warlord (Orc:2)
  A ghoul (D:15)
  Louise (Swamp:4)
  A spriggan defender (Depths:2)
  6 ironheart preservers
  16 stone giants
  2 entropy weavers
  2 deep elf demonologists
  11 very ugly things
  6 vampire knights (Depths:1)
  2 deep elf annihilators
  2 spark wasps (Spider:4)
  Azrael (Orc:2)
  6 deep elf death magi
  6 ettins
  5 fire dragons
  2 great orbs of eyes (Depths:1)
  A deep elf high priest (Elf:3)
  5 yaktaur captains
  Harold (D:9)
  9 vault guards
  6 ice dragons
  25 hydras
  2 shambling mangroves
  3 rakshasas
  A death knight (Vaults:2)
  3 spriggan air magi (Depths:2)
  10 centaur warriors
  31 two-headed ogres
  Erica (Lair:1)
  11 ogre magi
  2 orc high priests
  4 deep troll earth magi (Depths:1)
  3 deep troll shamans
  14 alligators
  5 death yaks
  3 tengu warriors
  3 vampire magi
  8 death scarabs (Spider:4)
  Urug (Lair:4)
  34 dancing weapons
  A small abomination (Vaults:2)
  A spriggan berserker (Depths:2)
  16 deep elf knights
  5 hell knights (Depths:2)
  Sonja (Lair:2)
  A shadow wraith (Vaults:2)
  A skeletal warrior (D:15)
  A sea snake (shapeshifter) (Vaults:4)
  2 iron trolls (Depths:1)
  11 deep trolls
  7 unseen horrors
  13 swamp dragons
  2 flayed ghosts
  4 spriggan druids
  5 wizards
  4 glowing orange brains
  A phantasmal warrior (Vaults:4)
  3 spectral wolf spiders (Spider:4)
  15 deep elf archers
  15 orc knights
  3 wolf spider zombies
  13 ironbrand convokers
  4 harpies (Vaults:3)
  A harpy (shapeshifter) (Vaults:4)
  2 necromancers
  33 ugly things
  24 wolf spiders
  An obsidian statue (Vaults:3)
  60 deep elf magi
  A shining eye (shapeshifter) (Elf:2)
  A salamander (Lair:1)
  4 orc sorcerers
  20 orb spiders
  9 cyclopes
  A moth of wrath (Spider:4)
  5 oklob plants
  A salamander (shapeshifter) (D:15)
  2 ice statues
  3 manticores
  4 black mambas
  A torpor snail (Spider:1)
  9 vault sentinels
  21 elephants
  Maurice (D:13)
  14 spiny frogs
  3 gargoyles
  An eye of devastation (Lair:5)
  46 yaktaurs
  2 efreet
  15 demonic crawlers
  3 freezing wraiths (Vaults:2)
  7 komodo dragons
  6 spectral redbacks (Spider:4)
  5 spectral swamp worms (Depths:1)
  4 redback zombies
  A komodo dragon (shapeshifter) (Vaults:4)
  2 guardian mummies (D:15)
  2 trolls
  2 tengu conjurers
  21 polar bears
  23 hornets
  A tarantella zombie (Spider:4)
  28 jumping spiders
  A jumping spider (shapeshifter) (Vaults:3)
  3 spectral tarantellas (Spider:4)
  A wind drake (shapeshifter) (Elf:3)
  3 spectral jumping spiders (Spider:4)
  6 tyrant leeches
  5 bog bodies
  3 blink frogs (Lair:3)
  43 slime creatures
  A hippogriff (shapeshifter) (Vaults:3)
  A hornet (shapeshifter) (Vaults:4)
  7 hippogriffs
  10 dream sheep
  A frost giant simulacrum (Vaults:3)
  A centaur simulacrum (D:11)
  5 air elementals
  60 redbacks
  A tarantella (shapeshifter) (Depths:1)
  31 tarantellas
  6 wyverns
  Sigmund (D:5)
  2 vampires
  12 spriggans
  6 water elementals
  2 wraiths
  4 shadows
  4 basilisks
  5 fire elementals
  51 yaks
  A fire bat (shapeshifter) (Vaults:3)
  24 vampire mosquitoes
  A steam dragon (D:7)
  3 hungry ghosts
  8 wargs
  2 soldier ants (shapeshifter)
  2 soldier ants
  23 insubstantial wisps
  3 acid dragons
  A naga (shapeshifter) (Elf:1)
  21 swamp worms
  5 hell hounds (Orc:2)
  A spectral hornet (Spider:4)
  8 water moccasins
  7 porcupines
  5 black bears
  An ice beast (shapeshifter) (D:15)
  48 orc warriors
  4 ice beasts
  4 sky beasts
  2 hornet zombies
  10 swamp drakes
  4 eyes of draining
  2 necrophages (D:12)
  34 ogres
  3 phantoms
  14 boggarts
  23 centaurs
  47 wolves
  16 crocodiles
  A wyvern zombie (D:13)
  3 big kobolds
  A gnoll sergeant (D:6)
  13 bullfrogs
  7 earth elementals
  A hornet simulacrum (Vaults:1)
  3 scorpions
  A human simulacrum (Vaults:1)
  6 killer bees
  6 wights
  6 howler monkeys
  2 electric eels
  7 crimson imps
  A bullfrog zombie (D:5)
  A lava snake (Lair:1)
  A quasit (D:5)
  5 hounds
  10 jellies
  23 orc priests
  6 centaur zombies
  A gnoll shaman (D:5)
  3 bullfrog skeletons
  3 centaur skeletons
  Ijyb (D:3)
  Jessica (D:2)
  4 iguanas
  Natasha (thrice) (D:3)
  33 orc wizards
  10 worker ants
  A hound skeleton (D:10)
  A mummy (D:15)
  A worker ant zombie (D:7)
  Robin (D:3)
  10 gnolls
  15 adders
  2 river rats (Sewer)
  3 shadow imps
  13 white imps
  6 oozes
  An adder zombie (D:7)
  An adder skeleton (D:9)
  3 worms
  8 dart slugs
  4 leopard geckos
  89 orcs
  7 bats
  8 giant cockroaches
  15 goblins
  14 hobgoblins
  10 jackals
  4 quokkas
  2 ball pythons
  5 frilled lizards
  14 kobolds
  A quokka skeleton (D:5)
  16 rats
  A bush (D:3)
  3 fungi
  5 plants
  A withered plant (D:15)
1862 creatures vanquished.

Vanquished Creatures (collateral kills)
  A deep elf elementalist (Elf:3)
  A deep elf death mage (Elf:3)
  A shambling mangrove (Swamp:3)
  A deep elf archer (Elf:3)
  A spiny frog (Lair:2)
  A polar bear (Lair:2)
  A hornet (Swamp:3)
  An air elemental (Elf:3)
  2 spriggans (Lair:6)
  A basilisk (Lair:6)
  6 yaks
  A water moccasin (Lair:5)
  A sky beast (D:10)
  A black bear (Lair:6)
  2 wolves
  2 crocodiles
  A bullfrog (D:9)
  A wight (D:9)
  A centaur skeleton (D:11)
  An orc priest (Orc:2)
  An orc wizard (D:13)
  An iguana (Lair:2)
  A worker ant zombie (D:11)
  An adder (D:10)
  A shadow imp (D:10)
  3 oozes (D:9)
  An orc (D:13)
  A fungus (Lair:2)
38 creatures vanquished.

Vanquished Creatures (others)
  3 deep elf master archers (Elf:3)
  A fire giant (Vaults:4)
  A dancing weapon (Elf:3)
  2 deep elf magi (Elf:1)
  A cyclops (D:14)
  A yaktaur (D:15)
  A jumping spider (Spider:4)
  An ogre (Vaults:3)
  4 centaurs
  4 briar patches (Depths:2)
  15 fungi
  34 plants
68 creatures vanquished.

Grand Total: 1968 creatures vanquished

Notes
Turn   | Place    | Note
-------+----------+-------------------------------------------
     0 | D:1      | Mgcat the Ogre Fighter began the quest for the Orb.
     0 | D:1      | Reached XP level 1. HP: 24/24 MP: 1/1
   284 | D:1      | Reached XP level 2. HP: 28/32 MP: 2/2
   373 | D:1      | Reached skill level 3 in Shields
   393 | D:1      | Reached skill level 3 in Dodging
   393 | D:1      | Reached XP level 3. HP: 33/40 MP: 3/3
  1396 | D:2      | Reached XP level 4. HP: 49/49 MP: 4/4
  1498 | D:2      | Found a snail-covered altar of Cheibriados.
  1649 | D:2      | Noticed Jessica
  1650 | D:2      | Killed Jessica
  1660 | D:2      | Found a stormy altar of Qazlal.
  1670 | D:2      | Reached skill level 5 in Fighting
  2188 | D:3      | Reached skill level 3 in Axes
  2188 | D:3      | Reached XP level 5. HP: 57/57 MP: 5/5
  2359 | D:3      | Noticed Natasha
  2371 | D:3      | Killed Natasha
  2601 | D:3      | Found a sacrificial altar of Ru.
  2605 | D:3      | Noticed Robin
  2632 | D:3      | Killed Robin
  2837 | D:3      | Reached XP level 6. HP: 27/66 MP: 6/6
  3195 | D:3      | Noticed Ijyb
  3200 | D:3      | Paralysed by Ijyb for 4 turns
  3234 | D:3      | Killed Ijyb
  3341 | D:3      | Noticed Natasha
  3346 | D:3      | Killed Natasha
  3406 | D:3      | Noticed Natasha
  3420 | D:3      | Killed Natasha
  3420 | D:3      | Reached skill level 6 in Fighting
  3420 | D:3      | Reached skill level 4 in Dodging
  3420 | D:3      | Reached skill level 4 in Shields
  3905 | D:4      | Found a sparkling altar of Nemelex Xobeh.
  4115 | D:4      | Found a glowing drain.
  4120 | D:4      | Reached XP level 7. HP: 54/75 MP: 7/7
  4138 | Sewer    | Entered a sewer
  4145 | Sewer    | Reached skill level 4 in Axes
  4575 | Sewer    | Found a white marble altar of Elyvilon.
  5291 | D:5      | Entered Level 5 of the Dungeon
  5332 | D:5      | Found Uruops's Distillery.
  5344 | D:5      | Got a bloodstained robe
  5355 | D:5      | Identified the +1 robe of Chill Winds {-Cast Str-5 Int+3
                  | Dex+8} (You found it on level 5 of the Dungeon)
  5381 | D:5      | Noticed Sigmund
  5407 | D:5      | HP: 13/76 [something (10)]
  5415 | D:5      | HP: 18/76 [something/magic dart (3)]
  5419 | D:5      | Killed Sigmund
  5419 | D:5      | Reached skill level 7 in Fighting
  5419 | D:5      | Reached XP level 8. HP: 38/87 MP: 8/8
  5687 | D:5      | Reached skill level 5 in Dodging
  5687 | D:5      | Reached skill level 5 in Shields
  5734 | D:5      | Reached skill level 5 in Axes
  5960 | D:5      | Found Zentuec's Food Shoppe.
  6166 | D:5      | Reached skill level 8 in Fighting
  6212 | D:5      | HP: 13/88 [acid (14)]
  6522 | D:5      | Found Emac's Antique Weapon Shoppe.
  6530 | D:5      | Bought a runed hand axe for 126 gold pieces
  6575 | D:5      | Found Qamakk's Antique Armour Shop.
  7157 | D:6      | Reached skill level 6 in Axes
  7161 | D:6      | HP: 19/89 [gnoll/+0 spear (6)]
  7163 | D:6      | HP: 6/89 [gnoll/+0 spear (9)]
  7323 | D:6      | HP: 18/89 [black bear (12)]
  7325 | D:6      | HP: 4/89 [black bear (6)]
  7326 | D:6      | Reached skill level 6 in Shields
  7326 | D:6      | Reached XP level 9. HP: 5/97 MP: 9/9
  7576 | D:6      | Reached skill level 9 in Fighting
  7609 | D:6      | Found a bloodstained altar of Trog.
  8263 | D:7      | HP: 23/98 [hippogriff (5)]
  8265 | D:7      | HP: 10/98 [hippogriff (2)]
  8752 | D:7      | Found a staircase to the Ecumenical Temple.
  8762 | Temple   | Entered the Ecumenical Temple
  8834 | Temple   | Became a worshipper of Warmaster Okawaru
  9033 | D:7      | Reached skill level 7 in Axes
  9734 | D:8      | Reached skill level 10 in Fighting
  9742 | D:8      | Reached skill level 7 in Shields
  9793 | D:8      | Reached * piety under Okawaru
  9864 | D:8      | Noticed a two-headed ogre
  9970 | D:8      | Killed a two-headed ogre
  9970 | D:8      | Reached ** piety under Okawaru
  9970 | D:8      | Reached skill level 8 in Axes
  9970 | D:8      | Reached skill level 8 in Shields
  9970 | D:8      | Reached XP level 10. HP: 110/110 MP: 10/10
 10117 | D:8      | Found a hazy altar of Hepliaklqana.
 10260 | D:8      | Learned a level 1 spell: Animate Skeleton
 10364 | D:9      | Noticed a two-headed ogre
 10368 | D:9      | Killed a two-headed ogre
 10368 | D:9      | Reached *** piety under Okawaru
 10368 | D:9      | Reached skill level 1 in Spellcasting
 10368 | D:9      | Reached skill level 1 in Necromancy
 10402 | D:9      | Reached skill level 9 in Axes
 10402 | D:9      | Reached skill level 2 in Spellcasting
 10405 | D:9      | Noticed Harold
 10530 | D:9      | Found an ancient bone altar of Kikubaaqudgha.
 10530 | D:9      | Noticed a rust devil
 10540 | D:9      | Reached skill level 2 in Necromancy
 10579 | D:9      | Noticed a rust devil
 10678 | D:9      | HP: 19/110 [orc warrior/+0 hand axe (19)]
 10678 | D:9      | HP: 2/110 [yak (17)]
 10685 | D:9      | Noticed a rust devil
 10685 | D:9      | Found a blossoming altar of Fedhas.
 11155 | D:9      | Reached skill level 3 in Spellcasting
 11158 | D:9      | Reached **** piety under Okawaru
 11177 | D:9      | Found a staircase to the Orcish Mines.
 11219 | D:9      | Killed Harold
 11219 | D:9      | Reached skill level 9 in Shields
 11219 | D:9      | Reached skill level 3 in Necromancy
 11313 | D:9      | Reached XP level 11. HP: 106/117 MP: 15/15
 11453 | D:9      | Reached skill level 10 in Axes
 11800 | D:10     | Entered Level 10 of the Dungeon
 11903 | D:10     | Found an iron altar of Okawaru.
 12221 | D:10     | Noticed a cyclops
 12222 | D:10     | Reached ***** piety under Okawaru
 12245 | D:10     | Reached skill level 11 in Axes
 12262 | D:10     | Killed a cyclops
 12714 | D:5      | Bought a runed shield for 150 gold pieces
 13017 | D:10     | Got a jewelled hand axe
 13018 | D:10     | Identified the +6 hand axe of Buocai {holy, rN+ MP-9 Int+3}
                  | (You found it on level 10 of the Dungeon)
 13074 | D:11     | Reached skill level 1 in Invocations
 13294 | D:11     | Killed an unseen horror
 13294 | D:11     | Received a gift from Okawaru
 13294 | D:11     | Reached skill level 2 in Invocations
 13393 | D:11     | Killed an unseen horror
 13393 | D:11     | Reached skill level 3 in Invocations
 13428 | D:11     | Reached skill level 1 in Armour
 13443 | D:11     | Learned a level 3 spell: Portal Projectile
 13455 | D:11     | Noticed a manticore
 13463 | D:11     | Killed a manticore
 13548 | D:11     | Found Naroomn's Assorted Antiques.
 13563 | D:11     | Found Pinkuett's Food Shop.
 13622 | D:11     | Found Zugh's Antique Weapon Emporium.
 13665 | D:11     | Noticed a brown ugly thing
 13684 | D:11     | Killed a brown ugly thing
 13684 | D:11     | Reached skill level 2 in Armour
 13684 | D:11     | Reached skill level 4 in Invocations
 13699 | D:11     | Found a staircase to the Lair.
 13729 | D:11     | Reached skill level 12 in Axes
 13969 | D:11     | Reached XP level 12. HP: 122/126 MP: 7/16
 14076 | D:12     | Reached skill level 5 in Invocations
 14108 | D:12     | Reached skill level 3 in Armour
 14121 | D:12     | Noticed a two-headed ogre
 14135 | D:12     | Killed a two-headed ogre
 14267 | D:12     | Noticed a two-headed ogre
 14276 | D:12     | Killed a two-headed ogre
 14276 | D:12     | Reached skill level 4 in Armour
 14309 | D:12     | Received a gift from Okawaru
 14539 | D:12     | Found a portal to a secret trove of treasure.
 14588 | D:12     | You fall through a shaft for 2 floors!
 14793 | Lair:1   | Entered Level 1 of the Lair of Beasts
 14793 | Lair:1   | Noticed Erica
 14808 | Lair:1   | Killed Erica
 14946 | Lair:1   | Reached skill level 5 in Armour
 15012 | Lair:1   | Reached skill level 13 in Axes
 15050 | Lair:1   | Found a runed translucent gate.
 15050 | Lair:1   | Found a runed translucent gate.
 15050 | Lair:1   | Found a runed translucent gate.
 15051 | Lair:1   | Noticed a 12-headed hydra
 15051 | Lair:1   | Noticed Zejuus's ghost (journeyman NaGl)
 15052 | Lair:1   | Noticed an 11-headed hydra
 15723 | Lair:2   | Noticed an eight-headed hydra
 15740 | Lair:2   | Killed an eight-headed hydra
 15859 | Lair:2   | Reached skill level 14 in Axes
 16085 | Lair:2   | Reached skill level 1 in Throwing
 16254 | Lair:2   | Noticed Sonja
 16262 | Lair:2   | Reached skill level 2 in Throwing
 16372 | Lair:2   | Killed Sonja
 16372 | Lair:2   | Reached skill level 6 in Invocations
 16372 | Lair:2   | Reached XP level 13. HP: 103/133 MP: 8/17
 16574 | Lair:2   | Reached skill level 3 in Throwing
 16987 | Lair:2   | Found a hole to the Spider Nest.
 17016 | Lair:2   | Reached skill level 4 in Throwing
 17155 | Lair:2   | Found a staircase to the Swamp.
 17162 | Lair:2   | Reached skill level 7 in Invocations
 17218 | Lair:2   | Received a gift from Okawaru
 17219 | Lair:2   | Got a spiked troll leather armour {god gift, regen}
 17222 | Lair:2   | Identified the +1 troll leather armour of Geath {rElec rF-
                  | Regen+ Int+2 Dex+8, regen} (Okawaru gifted it to you on
                  | level 2 of the Lair of Beasts)
 17610 | Lair:3   | Reached ****** piety under Okawaru
 17638 | Lair:3   | Reached skill level 5 in Throwing
 18138 | Lair:3   | Reached skill level 8 in Invocations
 18180 | Lair:3   | Found a frozen archway.
 18201 | IceCv    | Entered an ice cave
 18372 | IceCv    | Reached skill level 6 in Throwing
 18736 | IceCv    | Reached skill level 7 in Throwing
 18965 | IceCv    | Reached skill level 8 in Throwing
 19154 | IceCv    | HP: 32/133 [ice statue/bolt of cold (16)]
 19463 | IceCv    | Received a gift from Okawaru
 19493 | IceCv    | Reached skill level 9 in Throwing
 19637 | IceCv    | Noticed a frost giant
 19672 | IceCv    | Killed a frost giant
 19678 | IceCv    | Reached skill level 10 in Throwing
 19810 | IceCv    | Got a shimmering jade amulet
 19843 | Lair:3   | Identified the amulet of Zuozets {+Rage rN+} (You found it
                  | in an ice cave)
 20245 | Lair:4   | Reached XP level 14. HP: 139/143 MP: 11/20
 20326 | Lair:4   | Found the +8 whip "Snakebite" {curare, rPois}
 20413 | Lair:4   | Reached skill level 1 in Hexes
 20413 | Lair:4   | Reached skill level 1 in Translocations
 20686 | Lair:4   | Found an ornate altar of the Wu Jian Council.
 20700 | Lair:4   | Reached skill level 2 in Hexes
 20700 | Lair:4   | Reached skill level 2 in Translocations
 20795 | Lair:4   | Noticed Urug
 20821 | Lair:4   | Killed Urug
 21035 | Lair:4   | You fall through a shaft for 2 floors!
 21035 | Lair:6   | Entered Level 6 of the Lair of Beasts
 21194 | Lair:6   | Reached skill level 3 in Translocations
 21226 | Lair:6   | Received a gift from Okawaru
 21226 | Lair:6   | Reached skill level 3 in Hexes
 21445 | Lair:6   | Reached skill level 11 in Fighting
 21464 | Lair:6   | Received a gift from Okawaru
 21583 | Lair:6   | Received a gift from Okawaru
 21826 | Lair:6   | Received a gift from Okawaru
 22091 | Lair:6   | Reached skill level 4 in Spellcasting
 22091 | Lair:6   | Reached skill level 4 in Necromancy
 22268 | Lair:6   | Reached skill level 4 in Translocations
 22271 | Lair:6   | Received a gift from Okawaru
 22368 | Lair:6   | Reached skill level 4 in Hexes
 22410 | Lair:6   | Reached skill level 11 in Throwing
 22716 | Lair:6   | Found a large runed translucent door.
 22716 | Lair:6   | Found a large runed translucent door.
 22718 | Lair:6   | Noticed Nr616's ghost (journeyman HOFi)
 22949 | Lair:5   | Reached XP level 15. HP: 145/156 MP: 22/22
 23058 | Lair:5   | Found a staircase to the Slime Pits.
 23067 | Lair:5   | Reached skill level 5 in Spellcasting
 23339 | Lair:5   | Received a gift from Okawaru
 23711 | Lair:5   | Reached skill level 12 in Fighting
 23711 | Lair:5   | Reached skill level 5 in Necromancy
 23724 | Lair:5   | Reached skill level 5 in Translocations
 23758 | Lair:5   | Reached skill level 5 in Hexes
 24830 | D:13     | Noticed Maurice
 24842 | D:13     | Killed Maurice
 25474 | D:14     | Reached skill level 13 in Fighting
 25485 | D:14     | HP: 37/159 [cyan ugly thing (4)]
 25492 | D:14     | HP: 33/159 [cyan ugly thing (7)]
 25493 | D:14     | Reached skill level 12 in Throwing
 25850 | D:14     | Received a gift from Okawaru
 26143 | D:14     | Identified the +8 trident of Disintegration {flame, *Drain
                  | Int+4 Dex+5}
 26148 | D:14     | Reached skill level 14 in Fighting
 26401 | D:14     | Found a gate to the Vaults.
 26413 | D:14     | Reached skill level 15 in Fighting
 27056 | Orc:1    | Entered Level 1 of the Orcish Mines
 27425 | Orc:2    | Entered Level 2 of the Orcish Mines
 27550 | Orc:2    | Found a staircase to the Elven Halls.
 27635 | Orc:2    | Noticed Azrael
 27654 | Orc:2    | Reached XP level 16. HP: 164/176 MP: 24/24
 27728 | Orc:2    | Killed Azrael
 27771 | Orc:2    | Reached skill level 6 in Spellcasting
 27776 | Orc:2    | HP: 40/176 [orc priest/divine providence[an orc warlord]
                  | (10)]
 28222 | Orc:2    | Found a roughly hewn altar of Beogh.
 28231 | Orc:2    | Found Plog's Book Boutique.
 28238 | Orc:2    | Found Agroteod's Antique Weapon Boutique.
 28287 | Orc:2    | Found Mugh's Antique Armour Boutique.
 28353 | Orc:2    | Received a gift from Okawaru
 28695 | Orc:2    | Found Zaschoupn's General Store.
 28702 | Orc:2    | Bought a scroll of enchant weapon for 90 gold pieces
 28702 | Orc:2    | Bought a scroll of enchant armour for 90 gold pieces
 28788 | Orc:2    | Bought a runed shield for 217 gold pieces
 29368 | D:15     | Entered Level 15 of the Dungeon
 29417 | D:15     | Reached skill level 6 in Armour
 29417 | D:15     | Received a gift from Okawaru
 29895 | D:15     | Found a runed translucent gate.
 29895 | D:15     | Found a runed translucent gate.
 29895 | D:15     | Found an iron altar of Okawaru.
 29895 | D:15     | Found a runed translucent gate.
 29895 | D:15     | Noticed Etirghy's ghost (journeyman TrBe)
 29920 | D:15     | Reached skill level 7 in Spellcasting
 29940 | D:15     | Reached skill level 16 in Fighting
 29941 | D:15     | Found a staircase to the Depths.
 30883 | Spider:1 | Entered Level 1 of the Spider Nest
 31448 | Spider:1 | Found a transporter.
 31592 | Spider:1 | Reached skill level 8 in Spellcasting
 31861 | Spider:1 | Reached skill level 7 in Armour
 32208 | Spider:1 | Found a transporter.
 32376 | Spider:1 | Paralysed by the power of Zot for 5 turns
 32394 | Spider:1 | Received a gift from Okawaru
 32413 | Spider:1 | Reached XP level 17. HP: 116/189 MP: 25/29
 32620 | Spider:1 | Got a vibrating gossamer ring
 32634 | Spider:1 | Got a faintly glowing iron ring
 32639 | Spider:1 | Identified the ring "Ixusiup" {+Fly Int+5 Dex+4 Slay-4}
                  | (You found it on level 1 of the Spider Nest)
 32640 | Spider:1 | Identified the ring of Attitude {*Corrode rC+++ rN+++ AC+3
                  | Int-2} (You found it on level 1 of the Spider Nest)
 33296 | Spider:2 | Noticed Nikola
 33302 | Spider:2 | Killed Nikola
 33302 | Spider:2 | Reached skill level 15 in Axes
 33572 | Spider:2 | Received a gift from Okawaru
 33580 | Spider:2 | Reached skill level 9 in Spellcasting
 34294 | Spider:3 | Reached skill level 17 in Fighting
 35710 | Orc:2    | Bought 2 large rocks for 16 gold pieces
 35998 | Swamp:1  | Entered Level 1 of the Swamp
 36024 | Swamp:1  | Reached skill level 8 in Armour
 36509 | Swamp:1  | Received a gift from Okawaru
 37090 | Swamp:2  | Received a gift from Okawaru
 37612 | Swamp:2  | Reached skill level 16 in Axes
 37922 | Swamp:3  | Reached skill level 10 in Spellcasting
 37924 | Swamp:3  | Reached skill level 6 in Hexes
 37924 | Swamp:3  | Reached skill level 9 in Invocations
 37925 | Swamp:3  | Reached skill level 6 in Translocations
 37925 | Swamp:3  | Reached XP level 18. HP: 125/201 MP: 29/32
 38460 | Swamp:3  | Noticed Xiecuja's ghost (adept VSAs)
 38462 | Swamp:3  | Found a runed translucent gate.
 38462 | Swamp:3  | Found a runed translucent gate.
 38476 | Swamp:3  | Found a runed translucent gate.
 38811 | Swamp:4  | Entered Level 4 of the Swamp
 39273 | Swamp:4  | Noticed Louise
 39691 | Swamp:4  | Reached skill level 18 in Fighting
 39695 | Swamp:4  | Received a gift from Okawaru
 39742 | Swamp:4  | Killed Louise
 39742 | Swamp:4  | Reached skill level 10 in Invocations
 39798 | Swamp:4  | Received a gift from Okawaru
 39798 | Swamp:4  | Reached skill level 13 in Throwing
 39969 | Swamp:4  | Reached skill level 17 in Axes
 40241 | Swamp:4  | Got a decaying rune of Zot
 40541 | Spider:4 | Entered Level 4 of the Spider Nest
 41491 | Spider:4 | Reached XP level 19. HP: 166/214 MP: 33/33
 41822 | Spider:4 | Reached skill level 18 in Axes
 41825 | Spider:4 | Received a gift from Okawaru
 42020 | Spider:4 | Reached skill level 19 in Fighting
 42676 | Spider:4 | Reached skill level 14 in Throwing
 42769 | Spider:4 | Got a gossamer rune of Zot
 43113 | Elf:1    | Entered Level 1 of the Elven Halls
 43162 | Elf:1    | Received a gift from Okawaru
 43571 | Elf:1    | Identified the Volume of Conjuration and Creation
 43685 | Elf:1    | Found Kiotaa's Magic Scroll Shop.
 43690 | Elf:1    | Bought a scroll of blinking for 105 gold pieces
 44046 | Elf:1    | Received a gift from Okawaru
 44838 | Elf:2    | Received a gift from Okawaru
 44851 | Elf:2    | Found a huge runed translucent gate.
 44851 | Elf:2    | Found a huge runed translucent gate.
 44851 | Elf:2    | Found a huge runed translucent gate.
 44853 | Elf:2    | Found a huge runed translucent gate.
 44854 | Elf:2    | Found a huge runed translucent gate.
 44919 | Elf:2    | Gained mutation: You are occasionally teleported next to
                  | monsters. [a shining eye]
 44922 | Elf:2    | Lost mutation: You are occasionally teleported next to
                  | monsters. [potion of mutation]
 44922 | Elf:2    | Gained mutation: You possess an exceptional clarity of
                  | mind. [potion of mutation]
 44922 | Elf:2    | Gained mutation: Your flesh is cold resistant. (rC+)
                  | [potion of mutation]
 44922 | Elf:2    | Gained mutation: You are partially covered in iridescent
                  | scales. (AC +2) [potion of mutation]
 45007 | Elf:2    | Reached skill level 20 in Fighting
 45147 | Elf:2    | Received a gift from Okawaru
 45640 | Elf:2    | Reached skill level 19 in Axes
 45651 | Elf:2    | Reached skill level 15 in Throwing
 45653 | Elf:2    | Reached XP level 20. HP: 161/228 MP: 31/34
 45936 | Elf:3    | Entered Level 3 of the Elven Halls
 46024 | Elf:3    | Found Ihimucvi's Armour Boutique.
 46029 | Elf:3    | Found Willuar's Gadget Shop.
 46046 | Elf:3    | Found Kaapyn's Antique Weapon Shoppe.
 46058 | Elf:3    | Found Nixasouk's Jewellery Shop.
 46296 | Elf:3    | Received a gift from Okawaru
 46310 | Elf:3    | Got a crystal broad axe {god gift}
 46311 | Elf:3    | Identified the +2 broad axe "Hevvi" {chop, *Noise Fragile
                  | rC+++ Str+8} (Okawaru gifted it to you on level 3 of the
                  | Elven Halls)
 46497 | Elf:3    | Found Faprer's Jewellery Boutique.
 46543 | Elf:3    | Found Lankuola's Food Shop.
 46551 | Elf:3    | Found Utiamaho's Antique Weapon Emporium.
 47072 | Elf:3    | Received a gift from Okawaru
 47234 | Elf:3    | Received a gift from Okawaru
 47240 | Elf:3    | Identified the cursed +3 broad axe of Calamity {drain,
                  | +Blink Dex+3}
 47265 | Elf:3    | Reached skill level 7 in Translocations
 47590 | Elf:3    | Reached skill level 7 in Hexes
 47827 | Elf:3    | Got an ancient crystal amulet
 47847 | Elf:3    | Identified the amulet of Kemm {Regen+ Slay+3 Stlth+} (You
                  | found it on level 3 of the Elven Halls)
 47892 | Elf:3    | Learned a level 2 spell: Blink
 48244 | Vaults:1 | Entered Level 1 of the Vaults
 48248 | Vaults:1 | Received a gift from Okawaru
 48379 | Vaults:1 | Found Rabbosh's Antique Weapon Shoppe.
 48472 | Vaults:1 | Reached skill level 11 in Spellcasting
 48569 | Vaults:1 | Reached XP level 21. HP: 182/240 MP: 36/36
 48814 | Vaults:1 | Reached skill level 21 in Fighting
 49545 | Vaults:2 | Found Fiwkeirph's Gadget Shop.
 49817 | Vaults:2 | Noticed Asterion
 49837 | Vaults:2 | Killed Asterion
 50381 | Vaults:2 | Found a staircase to the Crypt.
 50597 | Vaults:2 | Reached skill level 8 in Translocations
 50789 | Vaults:3 | Reached skill level 16 in Throwing
 50789 | Vaults:3 | Reached skill level 8 in Hexes
 51013 | Vaults:3 | Received a gift from Okawaru
 51120 | Vaults:3 | Reached skill level 12 in Spellcasting
 51251 | Vaults:3 | Reached skill level 10 in Shields
 51714 | Vaults:3 | Identified the +8 short sword of the Sybil {flame, +Blink
                  | rC- rN++ MP+9}
 51731 | Vaults:3 | Reached skill level 20 in Axes
 51783 | Vaults:3 | Reached XP level 22. HP: 183/253 MP: 38/38
 52205 | Vaults:4 | Received a gift from Okawaru
 52359 | Vaults:4 | Reached skill level 11 in Shields
 53009 | Vaults:4 | Found a runed translucent gate.
 53010 | Vaults:4 | Found a runed translucent gate.
 53016 | Vaults:4 | Reached skill level 22 in Fighting
 53086 | Vaults:4 | Found a runed translucent gate.
 53087 | Vaults:4 | Noticed Geloitur's ghost (veteran SpEE)
 53160 | Vaults:4 | Noticed Boris
 53181 | Vaults:4 | Killed Boris
 53520 | Vaults:4 | Reached skill level 13 in Spellcasting
 53802 | Depths:1 | Entered Level 1 of the Depths
 54033 | Depths:1 | Found a gateway to Hell.
 54063 | Depths:1 | Reached skill level 12 in Shields
 54067 | Depths:1 | Received a gift from Okawaru
 54099 | Depths:1 | Got an ichor-stained broad axe {god gift}
 54100 | Depths:1 | Identified the +1 broad axe "Gurghen" {flame, rC++ Str+2
                  | SInv Stlth+} (Okawaru gifted it to you on level 1 of the
                  | Depths)
 54237 | Depths:1 | Noticed Anaesas's ghost (adept MfFi)
 54301 | Depths:1 | Found Jeyxul's Food Boutique.
 54312 | Depths:1 | Found a gateway to a ziggurat.
 54332 | Depths:1 | Reached skill level 17 in Throwing
 54682 | Depths:1 | Identified a scroll of acquirement
 54685 | Depths:1 | Got a bloodstained large shield
 54686 | Depths:1 | Identified the +7 large shield "Uhech" {rC+ Dex+2} (You
                  | acquired it on level 1 of the Depths)
 54963 | Depths:1 | Noticed a caustic shrike
 54964 | Depths:1 | Found a transporter.
 54965 | Depths:1 | Noticed a golden dragon
 54979 | Depths:1 | Found a transporter.
 55228 | Depths:1 | Found the +12 Vampire's Tooth {vamp}
 55327 | Depths:2 | Received a gift from Okawaru
 55340 | Depths:2 | Reached XP level 23. HP: 191/263 MP: 40/40
 55557 | Depths:2 | Noticed Boris
 55572 | Depths:2 | Killed Boris
 55572 | Depths:2 | Reached skill level 13 in Shields
 55784 | Depths:2 | Reached skill level 14 in Spellcasting
 55984 | Depths:2 | Received a gift from Okawaru
 56181 | Depths:2 | Found a radiant altar of Vehumet.
 56182 | Depths:2 | Identified the +3 faerie dragon scales {rPois rCorr}
 56182 | Depths:2 | Noticed the Enchantress
 56206 | Depths:2 | Killed the Enchantress
 56206 | Depths:2 | Received a gift from Okawaru
 56284 | Depths:2 | Identified the Catalogue of the Ghastly Volcanoes
 56319 | Depths:2 | Received a gift from Okawaru
 56680 | Depths:3 | Reached skill level 14 in Shields
 56688 | Depths:3 | Reached skill level 21 in Axes
 56699 | Depths:3 | Paralysed by a floating eye for 3 turns
 56706 | Depths:3 | Paralysed by a floating eye for 4 turns
 56707 | Depths:3 | HP: 59/263 [two-headed ogre/+0 giant club (13)]
 56708 | Depths:3 | Noticed a juggernaut
 56708 | Depths:3 | HP: 16/263 [two-headed ogre/+0 giant spiked club (27)]
 56708 | Depths:3 | Demolished by a two-headed ogre

Vault maps used:
D:1:      onia_arrival_mini_spirals
D:2:      lemuel_crystal_altar, first_ration, nicolae_qazlal_eye_of_the_storm,
          uniq_jessica
D:3:      nicolae_ru_path_of_blood, minmay_hedge_maze, uniq_natasha, uniq_ijyb,
          uniq_robin
D:4:      nemelex_xobeh_ov_fountains_minmay, gup_sewer_entry_glass,
          serial_bayou, serial_bayou_shore_a, serial_bayou_pond_a,
          serial_bayou_crossing, serial_bayou_pond_c
D:5:      serial_shops, nicolae_shop_trees, nicolae_shop_crystal, shop,
          shop_statue, uniq_sigmund
D:6:      kennysheep_slugbush, nicolae_overflow_hidden_temple
D:7:      minmay_temple_entry_overgrown
D:8:      lemuel_coloured_pillars_altar
D:9:      lemuel_round_altar, orc_0_dummy, hangedman_little_slice_of_home,
          lemuel_hellish_altar, uniq_harold
D:10:     basic_altar, kennysheep_doodads, grunt_ministairs_9,
          minmay_pinched_square
D:11:     david_lair_shrubbed, serial_shops, kennysheep_mini,
          nicolae_shop_trees, nicolae_shop_crystal, serial_ice, serial_ice_d,
          serial_ice_o, serial_ice_e, serial_ice_c
D:12:     nicolae_trove_entry_columns
D:13:     uniq_maurice
D:14:     minmay_statue_hallways, grunt_vaults_entry_fortified, hex_tiny,
          corexii_corridor_pit
D:15:     hangedman_depths_entry_civil_slaughter, serial_undead,
          serial_undead_f, serial_undead_e, serial_undead_d, serial_undead_b,
          gammafunk_ghost_fury_of_okawaru, chequers_arboretum
Temple:   nicolae_temple_elliptical
Lair:1:   gammafunk_ghost_hydra_chop, uniq_erica
Lair:2:   palyth_hydra_swamp_entry, nicolae_spider_entry_tight_spaces,
          uniq_sonja
Lair:3:   portal_ice_cave_entry_imps, chequers_serial_rivers_large_a
Lair:4:   minmay_guarded_unrand_snakebite, lemuel_oklob_altar, uniq_urug
Lair:5:   minmay_slime_entry_eyes, grunt_forest_stairs_clearing,
          minmay_lair_oklob_chamber, lemuel_fruit_tree, grunt_megastairs_3
Lair:6:   minmay_lair_end_enchanted_forest, ebering_ghost_disaster_area,
          chequers_serial_rivers_marsh, grunt_megastairs_4
Swamp:1:  evilmike_swamp_ruin_house_4
Swamp:2:  evilmike_swamp_ruin_house_1, swamp_pool5
Swamp:3:  gammafunk_ghost_split, evilmike_swamp_ruin_house_2, swamp_pool2,
          st_swamp_ruins_3
Swamp:4:  swamp, infiniplex_staircase_pool_2, uniq_louise
Spider:1: gammafunk_its_a_trap
Spider:2: drop_trap, uniq_nikola
Spider:3: nicolae_orb_island
Spider:4: floodkiller_spider_rune_tomb
Orc:2:    grunt_orc_cross, nicolae_orc_stony_grotto, uniq_azrael
Elf:1:    minmay_elf_arrival_summoners, serial_shops, nicolae_shop_statue_plus,
          minmay_elf_sorcery
Elf:2:    serial_co_window_serial, co_window_corner_a, co_window_corner_a,
          co_window_paths_a, co_window_corner_a, co_window_paths_a,
          co_window_paths_a, co_window_unsneaky_path_e, glass_columns_a,
          glass_columns_b, glass_columns_b, glass_columns_b
Elf:3:    minmay_elf_hall, serial_shops,
          nicolae_shop_competitors_out_of_business, shop, shop_fountains,
          shop_fountains, shop, grunt_megastairs_2, minmay_shoptagon
Vaults:1: v_misc_16, grunt_vaults_funnel, nicolae_vaults_little_squares_3,
          grunt_vaults_bifocal, nicolae_vaults_rhombus_6,
          hangedman_vaults_impose, grunt_vaults_twisty, ontoclasm_vaults_idyll,
          grunt_vaults_hallway_short, vaults_dpeg_diagonal,
          grunt_vaults_diagonal, hangedman_vaults_stretched_pinwheel,
          nicolae_vaults_theta, serial_shops, shop
Vaults:2: v_misc_26, minmay_crypt_entry_simple_plaza,
          nicolae_vaults_shelves_hall, v_misc_29, v_misc_29, vaults_room_pool,
          vaults_room_door_ring, vaults_room_corners, serial_shops, shop,
          uniq_asterion
Vaults:3: v_misc_18, hangedman_vaults_hat, vaults_room_grid,
          nicolae_vaults_big_ls, nicolae_vaults_statue_guard, v_misc_4,
          hangedman_vaults_stitches, nicolae_vaults_what_the_h,
          hangedman_vaults_stretched_pinwheel
Vaults:4: gammafunk_vaults_ghost_tricky_traps, vaults_room_pools,
          nicolae_vaults_shelves_hall, vaults_mumra_chevron_long,
          nicolae_vaults_quartermaster, v_alt_pattern_4, v_misc_16,
          vaults_mumra_lcd, ontoclasm_vaults_pinch, vaults_mumra_chevron,
          ontoclasm_vaults_tryst, hangedman_vaults_snaps,
          vaults_room_grunt_arrival_checkpoint, uniq_boris
Depths:1: enter_ziggurat_d, gammafunk_ghost_berserking_beasts,
          pf_hell_entry_tar_river, nrook_mini_vaults, serial_shops, shop,
          hangedman_abyss_or_decor_stabs, minmay_door_square,
          minmay_guarded_unrand_vampires_tooth
Depths:2: grunt_forest_end_shrine, hell_entry, minmay_misc_feat_alley,
          infiniplex_staircase_trident
Depths:3: evilmike_iron_armoury, minmay_room_of_horrors, hell_entry, pan_entry,
          bh_walls_and_bars, firewood_loft, uniq_xtahua
Sewer:    sewer_kobolds
IceCv:    ice_cave_caverns_01

Skill      XL: |  1  2  3  4  5  6  7  8  9 10 11 12 13 14 15 16 17 18 19 20 21 22 23 |
---------------+----------------------------------------------------------------------+-----
Shields        | 3 4 6 8 9 10 12 14 | 14.1
Dodging        | 3 4 5 |  5.0
Fighting       | 5 6 7 8 10 11 15 16 17 18 20 21 22 | 22.0
Axes           | 3 4 6 8 9 12 14 16 17 19 20 21 | 21.0
Spellcasting   | 3 4 5 8 10 11 12 13 14 | 14.6
Necromancy     | 3 4 5 |  5.0
Invocations    | 4 6 8 9 10 | 10.0
Armour         | 2 5 7 8 |  8.0
Throwing       | 2 10 11 12 13 15 16 17 | 17.7
Hexes          | 4 5 6 7 8 |  8.0
Translocations | 4 5 6 7 8 |  8.0

Action                   |  1- 3 |  4- 6 |  7- 9 | 10-12 | 13-15 | 16-18 | 19-21 | 22-24 || total
-------------------------+-------+-------+-------+-------+-------+-------+-------+-------++-------
Melee: War axe           |   101 |   225 |   316 |   258 |    10 |       |       |       ||   910
       Hand axe          |       |       |       |   444 |  1126 |       |       |       ||  1570
       Broad axe         |       |       |       |       |   540 |  1382 |  1415 |   702 ||  4039
Throw: Javelin           |     1 |    19 |    13 |    21 |    23 |     8 |       |       ||    85
       Tomahawk          |       |       |     2 |       |       |       |       |       ||     2
       Large rock        |       |       |       |    16 |    24 |   125 |    14 |    20 ||   199
 Cast: Animate Skeleton  |       |       |       |    31 |    53 |       |     7 |       ||    91
       Portal Projectile |       |       |       |       |       |    26 |     5 |     5 ||    36
Invok: Heroism           |       |       |       |     8 |    16 |    19 |    10 |     8 ||    61
       Finesse           |       |       |       |       |     2 |     4 |     3 |     3 ||    12
Evoke: Wand              |       |       |     6 |    15 |    18 |     4 |       |       ||    43
       Box of beasts     |       |       |       |       |     1 |     1 |       |       ||     2
  Use: Scroll            |       |       |    17 |     9 |    10 |    16 |     5 |     7 ||    64
       Potion            |       |       |     8 |       |     1 |     7 |     3 |       ||    19
 Stab: Sleeping          |       |       |     2 |     1 |       |       |       |       ||     3
       Confused          |       |       |       |     4 |     9 |       |       |       ||    13
       Distracted        |       |       |       |     1 |     2 |       |     1 |       ||     4
       Paralysed         |       |       |       |       |     1 |       |       |       ||     1
       Invisible         |       |       |       |       |       |     1 |       |       ||     1
  Eat: Chunk             |     2 |     9 |    19 |    20 |    36 |    34 |    14 |    17 ||   151
       Ration            |       |       |       |     1 |     1 |     4 |     6 |       ||    12
Armor: Robe              |    31 |    42 |    60 |    35 |       |       |       |       ||   168
       Storm dragon scal |       |       |       |   118 |   527 |   821 |   436 |   243 ||  2145
Dodge: Dodged            |    38 |    85 |   125 |   135 |   287 |   409 |   244 |   131 ||  1454
Block: Shield            |    51 |   103 |   180 |   363 |   942 |  1296 |   755 |   203 ||  3893
       Reflection        |       |       |       |    22 |    27 |    27 |    39 |       ||   115
       Large shield      |       |       |       |       |       |       |       |   350 ||   350

Table legend:
 A = Non-vault XP
 B = Vault XP
 C = Vault XP percentage of total XP
 D = Non-vault monster count
 E = Vault monster count
 F = Vault count percentage of total count
                 A         B        C        D         E       F
            +---------+---------+-------+---------+---------+-------
      Total |  444644 |  339618 |  43.3 |    1275 |     627 |  33.0
            +---------+---------+-------+---------+---------+-------
        D:1 |      61 |       0 |   0.0 |      29 |       0 |   0.0
        D:2 |      62 |      37 |  37.4 |      22 |       1 |   4.3
        D:3 |     260 |     107 |  29.2 |      29 |      13 |  31.0
        D:4 |     368 |      40 |   9.8 |      14 |       3 |  17.6
        D:5 |     811 |     212 |  20.7 |      24 |       1 |   4.0
        D:6 |     530 |      28 |   5.0 |      19 |       7 |  26.9
        D:7 |     940 |       0 |   0.0 |      23 |       0 |   0.0
        D:8 |    2210 |       0 |   0.0 |      18 |       0 |   0.0
        D:9 |    3390 |    1144 |  25.2 |      36 |       9 |  20.0
       D:10 |    1032 |    1409 |  57.7 |      16 |      13 |  44.8
       D:11 |    4421 |    1556 |  26.0 |      27 |       9 |  25.0
       D:12 |    5285 |       0 |   0.0 |      26 |       0 |   0.0
       D:13 |    4710 |     418 |   8.2 |      33 |       1 |   2.9
       D:14 |   13005 |    7926 |  37.9 |      32 |      11 |  25.6
       D:15 |   12651 |   10383 |  45.1 |      35 |      16 |  31.4
     Lair:1 |    3484 |     907 |  20.7 |      16 |       1 |   5.9
     Lair:2 |    4314 |    5077 |  54.1 |      20 |      15 |  42.9
     Lair:3 |    3763 |     121 |   3.1 |      17 |      12 |  41.4
     Lair:4 |    4797 |    2445 |  33.8 |      14 |       8 |  36.4
     Lair:5 |    7994 |    5281 |  39.8 |      33 |      16 |  32.7
     Lair:6 |   13329 |    9338 |  41.2 |      43 |      47 |  52.2
    Swamp:1 |   16097 |       0 |   0.0 |      41 |       0 |   0.0
    Swamp:2 |   11433 |       0 |   0.0 |      25 |       0 |   0.0
    Swamp:3 |   10495 |    4795 |  31.4 |      28 |       6 |  17.6
    Swamp:4 |   10931 |   21418 |  66.2 |      41 |      27 |  39.7
   Spider:1 |   13255 |    4992 |  27.4 |      41 |       7 |  14.6
   Spider:2 |   11057 |    3803 |  25.6 |      32 |       1 |   3.0
   Spider:3 |   14144 |    2924 |  17.1 |      31 |       5 |  13.9
   Spider:4 |   13684 |   39698 |  74.4 |      41 |      71 |  63.4
      Orc:1 |    3050 |       0 |   0.0 |      40 |       0 |   0.0
      Orc:2 |    3179 |    9610 |  75.1 |      37 |      44 |  54.3
      Elf:1 |   11230 |   11912 |  51.5 |      21 |      20 |  48.8
      Elf:2 |   16975 |   23642 |  58.2 |      30 |      28 |  48.3
      Elf:3 |   23734 |   48444 |  67.1 |      38 |      29 |  43.3
   Vaults:1 |   20943 |    2443 |  10.4 |      48 |       8 |  14.3
   Vaults:2 |   12921 |   17350 |  57.3 |      27 |      15 |  35.7
   Vaults:3 |   40128 |   36293 |  47.5 |      73 |      63 |  46.3
   Vaults:4 |   23192 |   18593 |  44.5 |      40 |      26 |  39.4
   Depths:1 |   37501 |   11817 |  24.0 |      44 |      13 |  22.8
   Depths:2 |   51907 |   21788 |  29.6 |      57 |      19 |  25.0
   Depths:3 |   11371 |       0 |   0.0 |      14 |       0 |   0.0
      Sewer |       0 |     126 | 100.0 |       0 |       9 | 100.0
      IceCv |       0 |   13541 | 100.0 |       0 |      53 | 100.0
            +---------+---------+-------+---------+---------+-------

Vault maps used:
D:1:      onia_arrival_mini_spirals
D:2:      lemuel_crystal_altar, first_ration, nicolae_qazlal_eye_of_the_storm,
          uniq_jessica
D:3:      nicolae_ru_path_of_blood, minmay_hedge_maze, uniq_natasha, uniq_ijyb,
          uniq_robin
D:4:      nemelex_xobeh_ov_fountains_minmay, gup_sewer_entry_glass,
          serial_bayou, serial_bayou_shore_a, serial_bayou_pond_a,
          serial_bayou_crossing, serial_bayou_pond_c
D:5:      serial_shops, nicolae_shop_trees, nicolae_shop_crystal, shop,
          shop_statue, uniq_sigmund
D:6:      kennysheep_slugbush, nicolae_overflow_hidden_temple
D:7:      minmay_temple_entry_overgrown
D:8:      lemuel_coloured_pillars_altar
D:9:      lemuel_round_altar, orc_0_dummy, hangedman_little_slice_of_home,
          lemuel_hellish_altar, uniq_harold
D:10:     basic_altar, kennysheep_doodads, grunt_ministairs_9,
          minmay_pinched_square
D:11:     david_lair_shrubbed, serial_shops, kennysheep_mini,
          nicolae_shop_trees, nicolae_shop_crystal, serial_ice, serial_ice_d,
          serial_ice_o, serial_ice_e, serial_ice_c
D:12:     nicolae_trove_entry_columns
D:13:     uniq_maurice
D:14:     minmay_statue_hallways, grunt_vaults_entry_fortified, hex_tiny,
          corexii_corridor_pit
D:15:     hangedman_depths_entry_civil_slaughter, serial_undead,
          serial_undead_f, serial_undead_e, serial_undead_d, serial_undead_b,
          gammafunk_ghost_fury_of_okawaru, chequers_arboretum
Temple:   nicolae_temple_elliptical
Lair:1:   gammafunk_ghost_hydra_chop, uniq_erica
Lair:2:   palyth_hydra_swamp_entry, nicolae_spider_entry_tight_spaces,
          uniq_sonja
Lair:3:   portal_ice_cave_entry_imps, chequers_serial_rivers_large_a
Lair:4:   minmay_guarded_unrand_snakebite, lemuel_oklob_altar, uniq_urug
Lair:5:   minmay_slime_entry_eyes, grunt_forest_stairs_clearing,
          minmay_lair_oklob_chamber, lemuel_fruit_tree, grunt_megastairs_3
Lair:6:   minmay_lair_end_enchanted_forest, ebering_ghost_disaster_area,
          chequers_serial_rivers_marsh, grunt_megastairs_4
Swamp:1:  evilmike_swamp_ruin_house_4
Swamp:2:  evilmike_swamp_ruin_house_1, swamp_pool5
Swamp:3:  gammafunk_ghost_split, evilmike_swamp_ruin_house_2, swamp_pool2,
          st_swamp_ruins_3
Swamp:4:  swamp, infiniplex_staircase_pool_2, uniq_louise
Spider:1: gammafunk_its_a_trap
Spider:2: drop_trap, uniq_nikola
Spider:3: nicolae_orb_island
Spider:4: floodkiller_spider_rune_tomb
Orc:2:    grunt_orc_cross, nicolae_orc_stony_grotto, uniq_azrael
Elf:1:    minmay_elf_arrival_summoners, serial_shops, nicolae_shop_statue_plus,
          minmay_elf_sorcery
Elf:2:    serial_co_window_serial, co_window_corner_a, co_window_corner_a,
          co_window_paths_a, co_window_corner_a, co_window_paths_a,
          co_window_paths_a, co_window_unsneaky_path_e, glass_columns_a,
          glass_columns_b, glass_columns_b, glass_columns_b
Elf:3:    minmay_elf_hall, serial_shops,
          nicolae_shop_competitors_out_of_business, shop, shop_fountains,
          shop_fountains, shop, grunt_megastairs_2, minmay_shoptagon
Vaults:1: v_misc_16, grunt_vaults_funnel, nicolae_vaults_little_squares_3,
          grunt_vaults_bifocal, nicolae_vaults_rhombus_6,
          hangedman_vaults_impose, grunt_vaults_twisty, ontoclasm_vaults_idyll,
          grunt_vaults_hallway_short, vaults_dpeg_diagonal,
          grunt_vaults_diagonal, hangedman_vaults_stretched_pinwheel,
          nicolae_vaults_theta, serial_shops, shop
Vaults:2: v_misc_26, minmay_crypt_entry_simple_plaza,
          nicolae_vaults_shelves_hall, v_misc_29, v_misc_29, vaults_room_pool,
          vaults_room_door_ring, vaults_room_corners, serial_shops, shop,
          uniq_asterion
Vaults:3: v_misc_18, hangedman_vaults_hat, vaults_room_grid,
          nicolae_vaults_big_ls, nicolae_vaults_statue_guard, v_misc_4,
          hangedman_vaults_stitches, nicolae_vaults_what_the_h,
          hangedman_vaults_stretched_pinwheel
Vaults:4: gammafunk_vaults_ghost_tricky_traps, vaults_room_pools,
          nicolae_vaults_shelves_hall, vaults_mumra_chevron_long,
          nicolae_vaults_quartermaster, v_alt_pattern_4, v_misc_16,
          vaults_mumra_lcd, ontoclasm_vaults_pinch, vaults_mumra_chevron,
          ontoclasm_vaults_tryst, hangedman_vaults_snaps,
          vaults_room_grunt_arrival_checkpoint, uniq_boris
Depths:1: enter_ziggurat_d, gammafunk_ghost_berserking_beasts,
          pf_hell_entry_tar_river, nrook_mini_vaults, serial_shops, shop,
          hangedman_abyss_or_decor_stabs, minmay_door_square,
          minmay_guarded_unrand_vampires_tooth
Depths:2: grunt_forest_end_shrine, hell_entry, minmay_misc_feat_alley,
          infiniplex_staircase_trident
Depths:3: evilmike_iron_armoury, minmay_room_of_horrors, hell_entry, pan_entry,
          bh_walls_and_bars, firewood_loft, uniq_xtahua
Sewer:    sewer_kobolds
IceCv:    ice_cave_caverns_01

Table legend:
 A = Turns spent in this place as a percentage of turns spent in the entire game.
 B = Non-inter-level travel turns spent in this place as a percentage of non-inter-level travel turns spent in the entire game.
 C = Inter-level travel turns spent in this place as a percentage of turns spent in this place.
 D = Turns resting spent in this place as a percentage of non-inter-level travel turns spent in this place.
 E = Turns spent auto-exploring this place as a percentage of non-inter-level travel turns spent in this place.
 F = Non-inter-level travel turns spent in this place divided by the number of levels of this place that you've seen.
                   A       B       C       D       E      F
               +-------+-------+-------+-------+-------+----------------------
         Total | 100.0 | 100.0 |   9.0 |  13.0 |  62.6 | 1173.3
       Dungeon |  33.8 |  33.4 |  10.0 |  12.1 |  67.3 | 1148.7
        Temple |   0.2 |   0.1 |  28.2 |   0.0 |  89.2 |  74.0
          Lair |  15.3 |  15.1 |  10.3 |   7.0 |  68.2 | 1300.0
         Swamp |   7.8 |   8.0 |   6.0 |   7.3 |  68.8 | 1035.2
   Spider Nest |  11.1 |  10.9 |  10.9 |  21.4 |  54.4 | 1400.8
  Orcish Mines |   4.5 |   3.9 |  20.7 |  20.8 |  55.9 | 1017.0
   Elven Halls |   8.8 |   9.1 |   5.1 |  19.3 |  52.4 | 1574.0
        Vaults |   9.7 |   9.9 |   6.8 |   0.0 |  71.5 | 1280.0
        Depths |   5.1 |   5.4 |   4.2 |   7.1 |  63.3 | 927.7
         Sewer |   0.8 |   0.9 |   0.0 |  67.8 |  19.8 | 481.0
      Ice Cave |   2.9 |   3.2 |   0.0 |  43.8 |  19.0 | 1638.0
               +-------+-------+-------+-------+-------+----------------------

Table legend:
 A = Kills in this place as a percentage of kills in entire the game.
 B = Kills by you in this place as a percentage of kills by you in the entire game.
 C = Kills by friends in this place as a percentage of kills by friends in the entire game.
 D = Other kills in this place as a percentage of other kills in the entire game.
 E = Experience gained in this place as a percentage of experience gained in the entire game.
 F = Experience gained in this place divided by the number of levels of this place that you have seen.
                   A       B       C       D       E      F
               +-------+-------+-------+-------+-------+----------------------
         Total | 100.0 | 100.0 | 100.0 | 100.0 | 100.0 | 17824.1
       Dungeon |  24.6 |  24.1 |  35.1 |  42.9 |   9.3 | 4866.4
          Lair |  12.7 |  11.9 |  45.9 |  23.8 |   7.8 | 10141.7
         Swamp |   8.8 |   9.0 |   5.4 |   0.0 |   9.6 | 18792.2
   Spider Nest |  12.0 |  12.4 |   0.0 |   0.0 |  13.2 | 25889.2
  Orcish Mines |   6.4 |   6.5 |   2.7 |   0.0 |   2.0 | 7919.5
   Elven Halls |   8.7 |   8.5 |  10.8 |  28.6 |  17.3 | 45312.3
        Vaults |  15.8 |  16.2 |   0.0 |   4.8 |  21.9 | 42965.8
        Depths |   7.7 |   8.0 |   0.0 |   0.0 |  17.1 | 44794.7
         Sewer |   0.5 |   0.5 |   0.0 |   0.0 |   0.0 | 126.0
      Ice Cave |   2.8 |   2.9 |   0.0 |   0.0 |   1.7 | 13541.0
               +-------+-------+-------+-------+-------+----------------------
